 Dungeon Crawl Stone Soup version 0.17.0-7-gfadd4cc (console) character file.

915 gw the Grave Robber (level 7, -2/57 HPs)
             Began as a Demigod Necromancer on Nov 9, 2015.
             Slain by a sky beast (6 damage)
             ... on level 5 of the Dungeon.
             The game lasted 00:11:11 (7388 turns).

gw the Grave Robber (Demigod Necromancer)           Turns: 7388, Time: 00:11:11

Health: -2/57      AC:  7    Str: 11    XL:     7   Next: 52%
Magic:  17/17      EV: 12    Int: 23    God:
Gold:   247        SH:  0    Dex: 16    Spells: 5 memorised, 3 levels left

rFire  . . .     SeeInvis .     a - +0 flail
rCold  . . .     Clarity  .     i - +0 leather armour (curse)
rNeg   . . .     SustAt   +     (no shield)
rPois  .         Gourm    .     g - +1 hat
rElec  .         Spirit   .     b - +2 cloak
rCorr  .         Warding  .     (no gloves)
rMut   .         Stasis   .     (no boots)
MR     .....                    (no amulet)
Stlth  ++........               (no ring)
                                (no ring)

@: not resistant to hostile enchantments, unstealthy
A: high mp 1, sustain attributes
a: no special abilities


You were on level 5 of the Dungeon.
You were very hungry.

You visited 1 branch of the dungeon, and saw 5 of its levels.

You collected 247 gold pieces.

Inventory:

Hand Weapons
 a - a +0 flail (weapon)
Missiles
 e - 85 stones (quivered)
 f - 31 arrows
 h - 10 poisoned arrows
Armour
 b - a +2 cloak (worn)
 g - a +1 hat (worn)
 i - a cursed +0 leather armour (worn)
Books
 d - a book of Necromancy

   Spells                             Type                      Level
   a - Pain                           Necromancy                   1
   b - Animate Skeleton               Necromancy                   1
   c - Vampiric Draining              Necromancy                   3
   d - Regeneration                   Charms/Necromancy            3
   e - Animate Dead                   Necromancy                   4
   f - Control Undead                 Necromancy                   4
Comestibles
 c - 2 bread rations


   Skills:
 + Level 3.2 Fighting
 + Level 3.2 Maces & Flails
 + Level 2.9 Armour
 - Level 1.7 Dodging
 - Level 1.7 Stealth
 * Level 4.5 Spellcasting
 + Level 4.7 Necromancy


You had 3 spell levels left.
You knew the following spells:

 Your Spells              Type           Power        Failure   Level  Hunger
a - Pain                  Necr           ####         1%          1    None
b - Animate Skeleton      Necr           N/A          1%          1    None
c - Vampiric Draining     Necr           ####......   8%          3    ##.....
d - Regeneration          Chrm/Necr      ###.......   14%         3    ##.....
e - Animate Dead          Necr           N/A          21%         4    ####...


Dungeon Overview and Level Annotations

Branches:
Dungeon (5/15)             Temple (0/1) D:4


Innate Abilities, Weirdness & Mutations

You have an increased reservoir of magic (+10% MP).
Your attributes are resistant to harm.


Message History

You hit something. Something hits you. Something shocks you.
Unknown command.
Unknown command.
Unknown command.
Unknown command.
ATTACKING (0,1)
You closely miss something. Something hits you. Something shocks you.
Unknown command.
Unknown command.
Unknown command.
Unknown command.
ATTACKING (0,1)
You miss something. Something hits you but does no damage.
Unknown command.
Unknown command.
Unknown command.
Unknown command.
ATTACKING (0,1)
You closely miss something. Something hits you. Something shocks you.
You die...

######## #......#
#......#
#########......###
........'......'>#
#########......#.#
#......#p#
#......#{#
#......#.#
#......#.#
########.# #.# #.#
..#


There were no monsters in sight!

Table legend:
 A = Turns spent in this place as a percentage of turns spent in the entire game.
 B = Non-inter-level travel turns spent in this place as a percentage of non-inter-level travel turns spent in the entire game.
 C = Inter-level travel turns spent in this place as a percentage of turns spent in this place.
 D = Turns resting spent in this place as a percentage of non-inter-level travel turns spent in this place.
 E = Turns spent auto-exploring this place as a percentage of non-inter-level travel turns spent in this place.
 F = Non-inter-level travel turns spent in this place divided by the number of levels of this place that you've seen.
                   A       B       C       D       E      F
               +-------+-------+-------+-------+-------+----------------------
         Total | 100.0 | 100.0 |   0.5 |   2.7 |   1.3 | 3029.6
       Dungeon | 100.0 | 100.0 |   0.5 |   2.7 |   1.3 | 3029.6
               +-------+-------+-------+-------+-------+----------------------

Table legend:
 A = Kills in this place as a percentage of kills in entire the game.
 B = Kills by you in this place as a percentage of kills by you in the entire game.
 C = Kills by friends in this place as a percentage of kills by friends in the entire game.
 D = Other kills in this place as a percentage of other kills in the entire game.
 E = Experience gained in this place as a percentage of experience gained in the entire game.
 F = Experience gained in this place divided by the number of levels of this place that you have seen.
                   A       B       C       D       E      F
               +-------+-------+-------+-------+-------+----------------------
         Total | 100.0 | 100.0 | 100.0 |  -nan | 100.0 | 261.6
       Dungeon | 100.0 | 100.0 | 100.0 |  -nan | 100.0 | 261.6
               +-------+-------+-------+-------+-------+----------------------

Vanquished Creatures
  Prince Ribbit (D:5)
  An ogre (D:4)
  2 scorpions (D:4)
  4 orc priests (D:4)
  An orc wizard (D:4)
  A hound (D:5)
  An iguana (D:4)
  2 worker ants
  2 hound zombies
  3 gnolls (D:5)
  9 adders
  An ooze (D:2)
  An adder skeleton (D:4)
  6 worms
  4 giant geckos
  11 orcs
  6 giant cockroaches
  9 hobgoblins
  A ball python (D:5)
  7 bats
  2 giant newts
  5 goblins
  11 kobolds
  3 quokkas
  A quokka skeleton (D:5)
  A quokka zombie (D:5)
  7 rats
103 creatures vanquished.

Vanquished Creatures (collateral kills)
  A scorpion (D:5)
  2 giant geckos
  A kobold (D:1)
4 creatures vanquished.

Grand Total: 107 creatures vanquished

Notes
Turn   | Place    | Note
--------------------------------------------------------------
     0 | D:1      | gw the Demigod Necromancer began the quest for the Orb.
     0 | D:1      | Reached XP level 1. HP: 14/14 MP: 5/5
     2 | D:1      | Learned a level 1 spell: Animate Skeleton
   674 | D:1      | Reached XP level 2. HP: 18/20 MP: 4/7
  1417 | D:2      | Reached skill level 1 in Armour
  1734 | D:2      | Reached skill level 1 in Maces & Flails
  1734 | D:2      | Reached XP level 3. HP: 22/27 MP: 6/9
  1796 | D:2      | Learned a level 3 spell: Vampiric Draining
  2614 | D:2      | Reached skill level 1 in Fighting
  2953 | D:3      | Reached XP level 4. HP: 35/35 MP: 8/10
  3130 | D:3      | Learned a level 3 spell: Regeneration
  4680 | D:4      | Noticed an ogre
  4690 | D:4      | Killed an ogre
  4690 | D:4      | Reached skill level 4 in Necromancy
  4690 | D:4      | Reached XP level 5. HP: 29/41 MP: 4/12
  4900 | D:4      | Found a staircase to the Ecumenical Temple.
  5046 | D:4      | Reached XP level 6. HP: 23/48 MP: 4/14
  5211 | D:4      | Learned a level 4 spell: Animate Dead
  5211 | D:4      | Found a blossoming altar of Fedhas.
  5932 | D:4      | Found a stormy altar of Qazlal.
  6045 | D:4      | Found a sacrificial altar of Ru.
  6436 | D:5      | Entered Level 5 of the Dungeon
  6500 | D:5      | Reached XP level 7. HP: 51/56 MP: 9/16
  6523 | D:5      | Noticed Prince Ribbit
  6591 | D:5      | Killed Prince Ribbit
  6967 | D:5      | Your ally Prince Ribbit died
  7148 | D:5      | Found a shattered altar of Ashenzari.
  7388 | D:5      | Slain by a sky beast

Action                   |  1- 3 |  4- 6 |  7- 9 || total
-------------------------+-------+-------+-------++-------
Melee: Flail             |       |    29 |    14 ||    43
Throw: Stone             |     9 |       |       ||     9
 Cast: Pain              |    81 |   171 |    31 ||   283
       Animate Skeleton  |    12 |    16 |       ||    28
       Animate Dead      |       |     2 |     2 ||     4
       Vampiric Draining |       |       |     2 ||     2
  Eat: Chunk             |     5 |    13 |     2 ||    20

Vault maps used:
D:1:      dpeg_arrival_lava_altar
D:2:      first_bread, grunt_ministairs_2, minmay_misc_feat_diagonals
D:4:      grunt_temple_overflow_forces_of_nature,
          nicolae_ru_sacrificial_ziggurat, minmay_temple_entry_hall
D:5:      lemuel_crystal_altar, uniq_prince_ribbit1
